Map: Habitation Station LE (Void)

Players

shaman

  • Race: Zerg Zerg
  • League: Diamond
  • Spawn Location: 1:00

PandaLove - Winner!

  • Race: Protoss Protoss
  • League: Diamond
  • Spawn Location: 11:00

VOD

Have the link to the VOD?

Description

Time

  • Played on: Nov. 25, 2016, 12:36 p.m.
  • Length: 13:56
Show
View Real Time Build Order
Export as new Build Order

shaman Zerg 

Build Orders: Hatch First 

Get SALT Encoding   

  12  0:01  Drone  
  13  0:13  Overlord  
  13  0:29  Drone  
  13  0:33  Drone x2  
  16  0:40  Drone  
  17  0:53  Hatchery  
  16  0:58  Drone  
  16  1:03  Drone  
  18  1:12  Extractor  
  18  1:17  Spawning Pool  
  16  1:20  Drone  
  17  1:29  Drone  
  18  1:35  Drone  
  19  1:51  Overlord  
  19  2:01  Drone  
  20  2:09  Drone x2  
  22  2:19  Drone x2  
  22  2:20  Queen  
  26  2:23  Hatchery  
  26  2:27  Metabolic Boost  
  25  2:38  Zergling x4  
  25  2:42  Queen  
  29  2:46  Drone  
  29  2:47  Drone  
  31  3:05  Drone x4  
  35  3:11  Overlord  
  35  3:12  Overlord  
  35  3:29  Queen  
  35  3:30  Spore Crawler  
  36  3:42  Spore Crawler  
  36  3:43  Queen  
  36  3:44  Overlord  
  36  3:45  Drone  
  36  3:46  Drone x4  
  42  3:48  Spore Crawler  
  42  3:53  Drone x2  
  42  3:54  Drone  
  39  4:13  Drone  
  39  4:14  Drone x6  
  43  4:27  Drone x7  
  43  4:28  Drone  
  51  4:36  Lair  
  51  4:42  Extractor  
  51  4:43  Extractor  
  49  4:46  Drone x3  
  49  4:47  Drone x2  
  49  4:48  Drone  
  49  4:49  Overlord  
  55  4:58  Zergling x12  
  59  5:03  Baneling Nest  
  58  5:07  Spine Crawler  
  58  5:13  Zergling x12  
  63  5:24  Zergling x6  
  64  5:30  Zergling x6  
  64  5:31  Zergling x2  
  64  5:34  Drone  
  66  5:35  Queen  
  66  5:44  Hydralisk Den  
  64  5:50  Drone  
  64  5:51  Drone  
  64  5:52  Overlord x2  
  64  5:53  Overlord x2  
  64  5:56  Queen  
  53  6:12  Zergling x16  
  53  6:13  Zergling x2  
  62  6:21  Drone x3  
  62  6:25  Drone  
  66  6:26  Drone x3  
  66  6:29  Extractor  
  68  6:36  Queen  
  70  6:47  Drone x5  
  70  6:48  Drone x2  
  70  6:50  Extractor  
  70  6:51  Extractor  
  75  6:55  Spore Crawler, Drone x3  
  75  6:57  Hatchery  
  76  7:02  Evolution Chamber  
  76  7:03  Roach Warren, Evolution Chamber, Drone x4  
  76  7:05  Drone x3  
  80  7:14  Centrifical Hooks  
  78  7:17  Hydralisk x4  
  86  7:31  Hydralisk, Unknown  
  86  7:34  Overlord x3  
  86  7:35  Overlord x4  
  88  7:38  Zerg Missile Weapons Level 1, Zerg Ground Armor Level 1  
  87  8:14  Drone  
  87  8:16  Overlord x2, Hydralisk  
  87  8:17  Hydralisk x14  
  118  8:30  Overseer  
  118  8:31  Glial Reconstitution  
  118  8:32  Roach  
  118  8:33  Roach x6  
  132  8:37  Overlord  
  132  8:39  Drone x3  
  132  8:40  Drone  
  136  8:41  Drone  
  136  8:43  Drone x2  
  139  8:51  Baneling x4  
  139  8:55  Unknown  
  139  8:59  Overlord x2  
  139  9:00  Drone x9  
  148  9:07  Zergling x2  
  148  9:08  Zergling x10  
  154  9:11  Ravager  
  154  9:12  Ravager x6  
  161  9:19  Hydralisk  
  161  9:20  Hydralisk x4  
  161  9:21  Hydralisk  
  163  9:34  Drone x11  
  163  9:35  Drone x2  
  163  9:37  Spore Crawler  
  173  9:51  Zergling x4  
  175  10:01  Infestation Pit  
  164  10:08  Roach x4  
  164  10:09  Roach x4  
  164  10:10  Roach  
  164  10:11  Roach  
  176  10:14  Overlord  
  176  10:15  Overlord x4  
  176  10:26  Zergling x2  
  167  10:28  Zergling x2  
  167  10:30  Zergling x2  
  125  10:42  Roach  
  125  10:43  Roach x11  
  125  10:49  Zerg Ground Armor Level 2, Zerg Missile Weapons Level 2  
  147  10:55  Extractor  
  146  10:57  Extractor  
  145  11:07  Hatchery  
  145  11:08  Hydralisk x3  
  145  11:09  Hydralisk x6  
  145  11:10  Spire  
  161  11:11  Hive  
  161  11:13  Zergling x2  
  162  11:20  Zergling x2  
  162  11:21  Zergling x16  
  171  11:27  Drone x2  
  171  11:28  Drone x2  
  175  11:37  Hydralisk x4  
  183  11:41  Ravager x4  
  183  11:42  Ravager  
  143  11:54  Zergling x2  
  143  11:55  Zergling x28  
  143  11:56  Zergling x2  
  138  12:07  Roach  
  138  12:08  Roach x6  
  139  12:23  Baneling x3  
  139  12:24  Baneling x3  
  139  12:25  Zergling x2  
  139  12:26  Zergling x24  
  152  12:32  Drone  
  152  12:33  Drone x3  
  158  12:41  Roach  
  158  12:42  Roach x6  
  164  12:50  Corruptor x3  
  164  12:51  Corruptor x2  
  170  12:52  Corruptor  
  171  13:08  Corruptor  
  171  13:09  Corruptor  
  174  13:30  Hatchery  
  173  13:36  Hatchery  
  173  13:38  Ultralisk Cavern  
  173  13:39  Zergling x2  
Show
View Real Time Build Order
Export as new Build Order

PandaLove Protoss - Winner!

Build Orders: 1 Gate Expand, Oracle Opening 

Get SALT Encoding   

  12  0:00  Probe (Chrono Boost)  
  13  0:12  Probe (Chrono Boost)  
  14  0:18  Pylon  
  14  0:23  Probe (Chrono Boost)  
  15  0:36  Probe (Chrono Boost)  
  15  0:38  Gateway  
  16  0:46  Probe (Chrono Boost)  
  18  0:57  Probe (Chrono Boost)  
  18  1:07  Probe (Chrono Boost)  
  19  1:12  Assimilator  
  19  1:21  Nexus  
  19  1:23  Probe (Chrono Boost)  
  20  1:33  Cybernetics Core  
  20  1:42  Assimilator, Probe (Chrono Boost)  
  21  1:52  Probe (Chrono Boost)  
  22  1:56  Pylon  
  22  2:03  Probe (Chrono Boost)  
  23  2:10  Warp Gate, Adept  
  26  2:15  Probe (Chrono Boost)  
  26  2:28  Probe (Chrono Boost)  
  27  2:33  Probe (Chrono Boost)  
  27  2:36  Stargate  
  28  2:40  Probe (Chrono Boost)  
  28  2:42  Stalker  
  28  2:44  Probe (Chrono Boost)  
  33  2:52  Probe (Chrono Boost)  
  33  2:54  Probe (Chrono Boost)  
  34  3:02  Probe (Chrono Boost)  
  34  3:06  Probe (Chrono Boost)  
  34  3:09  Pylon  
  34  3:12  Stalker  
  37  3:13  Probe (Chrono Boost)  
  37  3:16  Oracle  
  37  3:17  Probe (Chrono Boost)  
  39  3:25  Probe (Chrono Boost)  
  43  3:27  Probe (Chrono Boost), Pylon  
  44  3:37  Probe (Chrono Boost)  
  44  3:38  Probe (Chrono Boost)  
  44  3:39  Gateway  
  44  3:41  Gateway  
  47  3:50  Probe (Chrono Boost)  
  47  3:53  Mothership Core (Chrono Boost)  
  49  3:59  Pylon  
  49  4:01  Probe (Chrono Boost)  
  50  4:07  Assimilator  
  50  4:09  Oracle  
  50  4:11  Probe (Chrono Boost)  
  50  4:13  Probe (Chrono Boost)  
  55  4:22  Probe (Chrono Boost)  
  57  4:25  Probe (Chrono Boost)  
  57  4:33  Probe (Chrono Boost)  
  57  4:37  Probe (Chrono Boost)  
  59  4:38  Nexus  
  59  4:40  Pylon  
  59  4:41  Adept x3  
  59  4:42  Void Ray, Pylon  
  71  5:00  Probe (Chrono Boost)  
  71  5:01  Probe (Chrono Boost)  
  71  5:03  Assimilator  
  71  5:07  Twilight Council  
  71  5:08  Forge  
  71  5:10  Probe (Chrono Boost)  
  71  5:11  Pylon  
  72  5:34  Adept x2  
  72  5:41  Protoss Ground Weapons Level 1  
  66  5:43  Adept  
  66  5:48  Gateway  
  66  5:49  Blink  
  66  5:51  Gateway  
  66  5:54  Gateway  
  66  5:55  Probe (Chrono Boost)  
  66  5:56  Probe (Chrono Boost)  
  66  5:57  Pylon  
  68  6:00  Adept  
  68  6:01  Adept  
  72  6:11  Probe x2 (Chrono Boost)  
  73  6:12  Probe (Chrono Boost)  
  73  6:21  Probe (Chrono Boost)  
  73  6:22  Probe (Chrono Boost)  
  73  6:24  Sentry x2, Probe (Chrono Boost)  
  73  6:25  Adept  
  82  6:32  Assimilator, Probe x2 (Chrono Boost)  
  84  6:36  Assimilator, Probe (Chrono Boost)  
  84  6:38  Pylon  
  85  6:40  Pylon  
  85  6:43  Probe (Chrono Boost)  
  85  6:44  Probe (Chrono Boost)  
  87  6:49  Probe (Chrono Boost)  
  88  6:56  Probe (Chrono Boost)  
  88  6:57  Pylon  
  88  6:59  Probe (Chrono Boost)  
  88  7:00  Adept x3  
  88  7:01  Probe (Chrono Boost), Robotics Facility  
  97  7:05  Pylon  
  97  7:07  Gateway  
  98  7:08  Probe (Chrono Boost), Gateway  
  98  7:22  Forge  
  98  7:23  Pylon  
  98  7:24  Stalker  
  98  7:25  Stalker x4  
  108  7:31  Pylon  
  108  7:33  Probe (Chrono Boost)  
  109  7:40  Stalker  
  111  7:46  Observer  
  111  7:47  Protoss Ground Weapons Level 2  
  112  7:51  Robotics Bay  
  112  7:54  Probe (Chrono Boost), Robotics Facility  
  112  7:56  Probe x2 (Chrono Boost)  
  115  7:59  Protoss Ground Armor Level 1  
  115  8:01  Stalker x4  
  115  8:02  Stalker  
  123  8:07  Probe (Chrono Boost)  
  123  8:08  Probe x2 (Chrono Boost)  
  126  8:19  Observer  
  126  8:23  Charge  
  126  8:26  Nexus  
  127  8:30  Pylon  
  127  8:32  Stalker  
  127  8:33  Stalker  
  131  8:35  Colossus  
  137  8:47  Pylon  
  137  8:52  Colossus  
  137  8:53  Extended Thermal Lance  
  137  8:58  Pylon  
  137  9:00  Zealot x3  
  149  9:11  Zealot x3  
  159  9:43  Colossus  
  158  9:49  Colossus  
  164  9:55  Stalker x7  
  164  9:56  Sentry  
  164  10:14  Protoss Ground Weapons Level 3  
  148  10:27  Stalker  
  148  10:28  Stalker x4  
  136  10:36  Stalker  
  136  10:37  Stalker x2  
  130  10:56  Probe x2 (Chrono Boost)  
  132  10:58  Assimilator  
  132  11:03  Sentry x3  
  132  11:04  Assimilator, Zealot x4  
  138  11:05  Zealot  
  138  11:06  Colossus, Pylon  
  154  11:22  Protoss Ground Armor Level 2  
  154  11:28  Pylon  
  154  11:30  Stalker x5  
  154  11:31  Stalker  
  154  11:32  Zealot x2  
  170  11:37  Pylon  
  170  11:44  Gateway  
  170  11:46  Gateway  
  164  11:48  Gateway  
  164  11:49  Pylon  
  164  11:51  Dark Shrine  
  164  11:53  Stalker  
  164  11:54  Stalker x4  
  144  12:03  Warp Prism  
  150  12:08  Immortal  
  150  12:11  Sentry  
  150  12:12  Zealot x2  
  156  12:22  Zealot x4  
  161  12:38  Colossus  
  161  12:43  Zealot x2  
  161  12:44  Zealot x3  
  169  12:47  Colossus  
  183  13:16  Stalker x6  
  195  13:31  Nexus  
  195  13:32  Pylon  
  195  13:34  Pylon  
  195  13:36  Assimilator  
  195  13:42  Assimilator  
  195  13:45  Templar Archives  
  185  13:55  Stalker x3  
Tags
 
Add a new tag
Caveats
  • Supply blocks, unpowered buildings, or Contaminate may cause inaccurate times.
  • Supply counts are checked every 10 seconds.